 Dungeon Crawl Stone Soup version 0.30.0-5-g1a98f26d00 (webtiles) character file.

Game seed: 6396843556314657402

8860 RKaid the Zephyrmancer (level 11, -1/77 HPs)
             Began as an Octopode Air Elementalist on May 6, 2023.
             Was an Initiate of Gozag.
             Slain by an orc knight
             ... wielding a +2 halberd
              (26 damage)
             ... on level 10 of the Dungeon on May 9, 2023.
             The game lasted 00:50:40 (14683 turns).

RKaid the Zephyrmancer (Octopode Air Elementalist) Turns: 14683, Time: 00:50:40

Health: -1/77      AC:  1    Str:  8    XL:     11   Next: 37%
Magic:  3/22       EV: 15    Int: 31    God:    Gozag
Gold:   1386       SH:  4    Dex: 12    Spells: 15/24 levels left

rFire   . . .        a - +9 short sword "Grim" {speed, Will+}
rCold   . . .        E - +0 buckler
rNeg    . . .        A - +0 hat {Int+3}
rPois   .            (no amulet)
rElec   .            s - ring of see invisible {sInv}
rCorr   .            g - +6 ring of intelligence
SInv    +            (no ring)
Will    +....        (no ring)
Stlth   +++          (no ring)
HPRegen 0.32/turn    (no ring)
MPRegen 0.18/turn    (no ring)
                     (no ring)

%: no passive effects
@: no status effects
A: almost no armour, amphibious, 8 rings, camouflage 1, gelatinous body 1,
(nimble swimmer 1), tentacles
a: Renounce Religion, Potion Petition, Call Merchant, Bribe Branch


You were on level 10 of the Dungeon.
You worshipped Gozag.
Gozag was most pleased with you.
You visited 2 branches of the dungeon, and saw 11 of its levels.

You collected 1519 gold pieces.
You paid 133 gold pieces to Gozag.

Inventory:

Hand Weapons
 a - the +9 short sword "Grim" (weapon) {speed, Will+}
   (You found it on level 2 of the Dungeon)

   Will:      It increases your willpower.
 b - a +0 dagger of draining
   (You took it off a goblin on level 2 of the Dungeon)
 n - a +2 spear of venom
   (You found it on level 2 of the Dungeon)
Missiles
 u - a throwing net {=f}
Armour
 A - a +0 hat of intelligence (worn)
   (You took it off Gastronok on level 8 of the Dungeon)
 E - a +0 buckler (worn)
   (You took it off a gnoll sergeant on level 8 of the Dungeon)
Jewellery
 g - a +6 ring of intelligence (right tentacle)
   (You found it on level 8 of the Dungeon)
 s - a ring of see invisible (left tentacle) {sInv}
   (You found it on level 5 of the Dungeon)
Wands
 r - a wand of mindburst (3)
   (You found it on level 4 of the Dungeon)
 y - a wand of polymorph (5)
   (You found it on level 7 of the Dungeon)
Scrolls
 h - a scroll of enchant armour {unknown}
 k - 3 scrolls of enchant weapon
 l - a scroll of blinking {!r}
 o - 3 scrolls of poison {!r}
 q - 3 scrolls of magic mapping {!r}
 t - 3 scrolls of teleportation
 x - a scroll of summoning
 B - a scroll of vulnerability {unknown}
Potions
 c - 4 potions of curing
 d - 2 potions of mutation {!q!q}
 e - a potion of cancellation
 f - 2 potions of heal wounds
 i - a potion of flight {unknown}
 m - a potion of attraction {!q}
 p - a potion of haste
 w - 2 potions of ambrosia
 z - 2 potions of resistance
 C - a potion of might {unknown}
 D - 3 potions of brilliance
 F - a potion of invisibility {unknown}


   Skills:
 + Level 7.8 Fighting
 - Level 7.0 Dodging
 - Level 2.6 Stealth
 + Level 3.6 Shields
 + Level 7.4 Spellcasting
 - Level 6.8 Conjurations
 + Level 3.5 Fire Magic
 + Level 8.4 Air Magic


You had 15 spell levels left.
You knew the following spells:

 Your Spells              Type           Power      Damage    Failure   Level
a - Shock                 Conj/Air       100%       1d9       1%          1
b - Flame Wave            Conj/Fire      43%        2d11      8%          4
c - Airstrike             Air            29%        2d(5-21)  1%          4

Your spell library contained the following spells:

 Spells                   Type           Power      Damage    Failure   Level
 Static Discharge         Conj/Air       100%       2-7/arc   1%          2
 Swiftness                Air            59%        N/A       1%          3
 Scorch                   Fire           66%        2d8       2%          2
 Hailstorm                Conj/Ice       32%        3d8       4%          3
 Ozocubu's Armour         Ice            11%        N/A       19%         3
 Ice Form                 Ice/Tmut       11%        N/A       54%         4
 Summon Cactus Giant      Summ           5%         N/A       100%        6
 Ozocubu's Refrigeration  Ice            5%         4d8       100%        7
 Simulacrum               Ice/Necr       Unusable   N/A       N/A         6

Dungeon Overview and Level Annotations

Branches:
Dungeon (10/15)            Temple (1/1) D:6            Lair (0/5) D:10
    Orc (0/2) D:10

Altars:
Ashenzari
Cheibriados
Dithmenos
Elyvilon
Fedhas
Gozag
Hepliaklqana
Kikubaaqudgha
Makhleb
Nemelex Xobeh
Okawaru
Qazlal
Ru
Sif Muna
Trog
Uskayaw
Vehumet
Wu Jian
Xom
Yredelemnul
Zin
The Shining One

Shops:
D:4 :   D:7 *

Annotations:
D:3 2 runed translucent doors, Sheol's ghost, amateur HOSu
D:9 exclusions: 2 doors and killer bee


Innate Abilities, Weirdness & Mutations

You cannot wear most types of armour.
You are amphibious.
You can wear up to eight rings at the same time.
Your skin changes colour to match your surroundings (Stealth+).
Your rubbery body absorbs attacks. (AC +1, EV +1)
((You are camouflaged when in or above water. (Stealth+)))
You have tentacles for arms and can constrict up to eight enemies at once.


Message History

An orc comes into view. It is wielding a +0 short sword.
An orc comes into view. It is wielding a +0 flail.
Items here: $ )) [.
Casting: Shock (safe; 1% risk of failure)
Confirm with . or Enter, or press ? or * to list all spells.
You can't see any susceptible monsters within range! (Use Z to cast anyway.)
You now have 1386 gold pieces (gained 5).
Things that are here:
a +0 war axe; a +0 plate armour
Casting: Shock (safe; 1% risk of failure)
Confirm with . or Enter, or press ? or * to list all spells.
Aiming: Shock (safe; 1% risk of failure)
Press: ? - help, Shift-Dir - straight line, f - orc
Aim: an orc, wielding a +0 short sword (74% to hit)
The zap misses the orc.
Casting: Shock (safe; 1% risk of failure)
Confirm with . or Enter, or press ? or * to list all spells.
Aiming: Shock (safe; 1% risk of failure)
Press: ? - help, Shift-Dir - straight line, f/p - orc
Aim: an orc, wielding a +0 short sword (74% to hit)
The zap hits the orc.
You puncture the orc!
You kill the orc!
Casting: Shock (safe; 1% risk of failure)
Confirm with . or Enter, or press ? or * to list all spells.
Aiming: Shock (safe; 1% risk of failure)
Press: ? - help, Shift-Dir - straight line, f - orc
Aim: an orc, wielding a +0 flail and wearing a +0 leather armour (wandering, hasn't noticed you, 74% to hit)
The zap hits the orc.
The orc shouts!
You hear a shout! x2
Casting: Shock (safe; 1% risk of failure)
Confirm with . or Enter, or press ? or * to list all spells.
Aiming: Shock (safe; 1% risk of failure)
Press: ? - help, Shift-Dir - straight line, f/p - orc
Aim: an orc, wielding a +0 flail and wearing a +0 leather armour (heavily wounded, 74% to hit)
The zap hits the orc!
You kill the orc!
You start resting.
An orc knight is nearby!
Things that are here:
a +0 chain mail; a +0 halberd
Things that are here:
a +0 flail; a +0 club; a +0 whip
Items here: ))) [[.
You enter the deep water.
You see here a +1 mace of venom.
You see here a +0 mace.
What are your orders? t - Shout!
Orders for allies: a - Attack new target. r - Retreat! s - Stop attacking. g - Guard the area. f - Follow me.
Anything else - Cancel.
Okay, then.
What are your orders? t - Shout!
Orders for allies: a - Attack new target. r - Retreat! s - Stop attacking. g - Guard the area. f - Follow me.
Anything else - Cancel.
Okay, then.
Unknown command.
You see here a +0 spear.
There is a stone staircase leading up, spattered with blood here.
Casting: Shock (safe; 1% risk of failure)
Confirm with . or Enter, or press ? or * to list all spells.
Aiming: Airstrike (dangerous; 1% risk of failure)
Press: ? - help, Dir - move target, f - orc knight
Aim: an orc knight, wielding a +2 halberd and wearing a +0 chain mail (empty space bonus: 6/8)
The air twists around and strikes the orc knight!!
Casting: Airstrike (dangerous; 1% risk of failure)
Confirm with . or Enter, or press ? or * to list all spells.
Aiming: Airstrike (dangerous; 1% risk of failure)
Press: ? - help, Dir - move target, f/p - orc knight
Aim: an orc knight, wielding a +2 halberd and wearing a +0 chain mail (moderately wounded, empty space bonus: 7/8)
The air twists around and strikes the orc knight!
Casting: Airstrike (dangerous; 1% risk of failure)
Confirm with . or Enter, or press ? or * to list all spells.
Aiming: Airstrike (dangerous; 1% risk of failure)
Press: ? - help, Dir - move target, f/p - orc knight
Aim: an orc knight, wielding a +2 halberd and wearing a +0 chain mail (heavily wounded, empty space bonus: 7/8)
The air twists around and strikes the orc knight!
The orc knight closely misses you.
Casting: Airstrike (dangerous; 1% risk of failure)
Confirm with . or Enter, or press ? or * to list all spells.
Aiming: Airstrike (dangerous; 1% risk of failure)
Press: ? - help, Dir - move target, f/p - orc knight
Aim: an orc knight, wielding a +2 halberd and wearing a +0 chain mail (severely wounded, empty space bonus: 7/8)
The air twists around and strikes the orc knight.
The orc knight hits you from afar with a +2 halberd!!
Casting: Airstrike (dangerous; 1% risk of failure)
Confirm with . or Enter, or press ? or * to list all spells.
Aiming: Airstrike (dangerous; 1% risk of failure)
Press: ? - help, Dir - move target, f/p - orc knight
Aim: an orc knight, wielding a +2 halberd and wearing a +0 chain mail (severely wounded, empty space bonus: 7/8)
The air twists around and strikes the orc knight!
The orc knight hits you from afar with a +2 halberd!!
The orc knight hits you from afar with a +2 halberd!!
You die...
Your body crumbles into a pile of gold.

#.# ###..# #
################.###.#..# #
#........##......#......###
#........##......#.......##
#.........'................
#........##..............#.
##....##.##............#...
#.......##..............##
#....##.#@..###.........##
#....##.#..o.........##.##
#....##..)......>..[.[..[.
#....##.#'#.#.#..#..#.#.#.
#######.....#.##.#..#.#.##
#.....#.##.#.......#
########.....#'##.##......#
#................o......".#
#.######........#.#.......#


You could see an orc knight.

Vanquished Creatures
  A two-headed ogre (D:9)
  An orc knight (D:9)
  An unseen horror (D:10)
  A komodo dragon (D:8)
  A wyvern (D:9)
  6 yaks
  An acid dragon (D:10)
  A water moccasin (D:9)
  Menkaure (D:5)
  Duvessa (D:6)
  9 orc warriors
  A black bear (D:8)
  3 ice beasts
  2 ogres (D:5)
  2 centaurs (D:7)
  3 kobold brigands
  3 bullfrogs
  2 gnoll sergeants
  Dowan (D:6)
  8 killer bees
  3 howler monkeys
  13 orc priests
  3 hounds
  2 gnoll boudas
  2 jellies
  3 iguanas
  Jessica (D:2)
  2 sleepcaps (D:6)
  12 orc wizards
  16 gnolls
  10 adders
  2 shadow imps
  3 white imps
  An ufetubus (D:6)
  3 worms
  2 dart slugs (D:1)
  43 orcs
  2 endoplasms (D:3)
  3 giant cockroaches
  7 goblins
  7 hobgoblins
  23 kobolds
  A quokka (D:2)
  2 ball pythons
  4 bats
  5 frilled lizards
  5 rats
229 creatures vanquished.

Vanquished Creatures (collateral kills)
  Gastronok (D:8)
  A two-headed ogre (D:9)
  A shadow (D:9)
3 creatures vanquished.

Grand Total: 232 creatures vanquished

Notes
Turn   | Place    | Note
-------+----------+-------------------------------------------
     0 | D:1      | RKaid the Octopode Air Elementalist began the quest for the
                  | Orb.
     0 | D:1      | Reached XP level 1. HP: 11/11 MP: 3/3
   354 | D:1      | Reached XP level 2. HP: 18/18 MP: 0/5
  1440 | D:2      | Reached XP level 3. HP: 22/22 MP: 3/6
  1495 | D:2      | Reached skill level 1 in Fighting
  1821 | D:2      | Noticed Jessica
  1838 | D:2      | Killed Jessica
  1839 | D:2      | Reached XP level 4. HP: 21/28 MP: 4/7
  1889 | D:2      | Found a shimmering altar of Xom.
  2015 | D:2      | Identified the +9 short sword "Grim" {speed, Will+}
  2295 | D:3      | Found a sparkling altar of Nemelex Xobeh.
  2322 | D:3      | Reached skill level 2 in Conjurations
  2721 | D:3      | Found a runed translucent door.
  2722 | D:3      | Noticed Sheol's ghost (amateur HOSu)
  2770 | D:3      | Found a runed translucent door.
  2781 | D:3      | Reached XP level 5. HP: 34/34 MP: 1/9
  2926 | D:3      | Reached skill level 2 in Fighting
  2972 | D:3      | Reached skill level 3 in Dodging
  3543 | D:4      | Found Soung's Book Shop.
  3643 | D:4      | Learned a level 4 spell: Airstrike
  3724 | D:4      | Found a hide-covered altar of Uskayaw.
  3724 | D:4      | Found a white marble altar of Elyvilon.
  3849 | D:4      | Reached skill level 3 in Spellcasting
  3849 | D:4      | Reached XP level 6. HP: 40/40 MP: 3/10
  4090 | D:5      | Entered Level 5 of the Dungeon
  4141 | D:5      | Reached skill level 4 in Air Magic
  4265 | D:5      | Noticed a yak
  4330 | D:5      | Noticed an ice beast
  4485 | D:5      | Noticed Menkaure
  4714 | D:5      | Found an iron altar of Okawaru.
  4735 | D:5      | Reached skill level 3 in Conjurations
  4877 | D:5      | Killed Menkaure
  4878 | D:5      | Reached skill level 3 in Fighting
  4878 | D:5      | Reached XP level 7. HP: 25/46 MP: 12/12
  5402 | D:5      | Reached skill level 4 in Dodging
  5479 | D:5      | Noticed a yak
  5480 | D:5      | Noticed a yak
  5489 | D:4      | Upgraded the game from 0.30.0 to 0.30.0-2-g1aa4bd4387
  5574 | D:5      | Noticed a yak
  5574 | D:5      | Noticed a yak
  5575 | D:5      | Noticed a yak
  5608 | D:4      | Killed a yak
  5609 | D:4      | Reached skill level 4 in Spellcasting
  5609 | D:4      | Reached XP level 8. HP: 21/54 MP: 1/14
  5798 | D:5      | Killed a yak
  5799 | D:5      | Reached skill level 4 in Conjurations
  5799 | D:5      | Reached skill level 5 in Air Magic
  5918 | D:5      | Killed a yak
  5919 | D:5      | Reached skill level 4 in Fighting
  6100 | D:5      | Killed a yak
  6402 | D:5      | Killed a yak
  6403 | D:5      | Reached skill level 5 in Dodging
  6467 | D:4      | Killed a yak
  6468 | D:4      | Reached skill level 5 in Conjurations
  6468 | D:4      | Reached XP level 9. HP: 26/60 MP: 1/16
  6663 | D:6      | Identified the +1 robe of Snakes and Ladders {rN+ SInv
                  | Stlth+ Archmagi}
  6850 | D:6      | Found a staircase to the Ecumenical Temple.
  6876 | Temple   | Entered the Ecumenical Temple
  7005 | Temple   | Upgraded the game from 0.30.0-2-g1aa4bd4387 to
                  | 0.30.0-5-g1a98f26d00
  7064 | Temple   | Became a worshipper of Gozag Ym Sagoz the Greedy
  7203 | D:6      | Reached skill level 5 in Spellcasting
  7407 | D:6      | Noticed Dowan
  7408 | D:6      | Noticed Duvessa
  7412 | D:6      | Killed Dowan
  7413 | D:6      | Reached skill level 5 in Fighting
  7413 | D:6      | Reached skill level 6 in Air Magic
  7417 | D:6      | Killed Duvessa
  8405 | D:7      | Found Lsituryn's Luxury Loot.
  8903 | D:7      | Reached skill level 6 in Dodging
  9488 | D:8      | Reached skill level 6 in Conjurations
  9561 | D:7      | Reached skill level 6 in Fighting
  9813 | D:8      | Reached XP level 10. HP: 68/68 MP: 13/18
  9980 | D:8      | Reached skill level 6 in Spellcasting
 10129 | D:8      | Noticed Gastronok
 10151 | D:8      | Killed Gastronok
 10152 | D:8      | Reached skill level 7 in Air Magic
 10579 | D:8      | HP: 9/69 [komodo dragon (16)]
 10816 | D:8      | Reached skill level 7 in Dodging
 11136 | D:9      | Learned a level 4 spell: Flame Wave
 11313 | D:9      | Noticed a two-headed ogre
 11318 | D:9      | Killed a two-headed ogre
 11319 | D:9      | Reached skill level 1 in Shields
 11319 | D:9      | Reached skill level 1 in Fire Magic
 11334 | D:9      | Reached skill level 7 in Fighting
 11550 | D:9      | Reached skill level 2 in Shields
 11835 | D:9      | Reached skill level 2 in Fire Magic
 12088 | D:9      | Reached skill level 7 in Spellcasting
 12245 | D:9      | Noticed a two-headed ogre
 12357 | D:9      | Killed a two-headed ogre
 12358 | D:9      | Reached skill level 8 in Air Magic
 12358 | D:9      | Reached XP level 11. HP: 75/75 MP: 8/21
 12484 | D:10     | Entered Level 10 of the Dungeon
 12503 | D:10     | Reached skill level 3 in Shields
 12983 | D:10     | Reached skill level 3 in Fire Magic
 13086 | D:10     | Found a staircase to the Lair.
 13149 | D:10     | Found a hazy altar of Hepliaklqana.
 13810 | D:10     | Found a staircase to the Orcish Mines.
 14023 | D:10     | Noticed an orc knight
 14279 | D:10     | Noticed an orc knight
 14343 | D:9      | HP: 16/76 [orc knight/+0 battleaxe (27)]
 14366 | D:9      | Killed an orc knight
 14683 | D:10     | Slain by an orc knight

Illustrated notes

Levels and vault maps discovered:
D:1:      dpeg_arrival_rooms_c, layout_basic
D:2:      layout_basic, basic_altar, uniq_jessica
D:3:      layout_basic, mainiacjoe_overflow_concentric_impassable,
          ebering_ghost_sewer_f, minmay_misc_feat_diagonals,
          kennysheep_pointless_box
D:4:      layout_rooms, minitemple, serial_shops, shop
D:5:      layout_loops_ring, lemuel_doored_altar, uniq_menkaure
D:6:      layout_loops_corners, minmay_temple_entry_statues, uniq_duvessa
D:7:      layout_rooms, chequers_decorated_corner, nicolae_alphabet_shops
D:8:      hellmonk_crumbling_castle, layout_cave_pools, minmay_lizard_king,
          uniq_gastronok
D:9:      layout_roguey [special_room_bee]
D:10:     layout_basic, mainiacjoe_overflow_alcove_1, dpeg_oklobed_lair,
          david_orc_5
Temple:   minmay_crystal_spiral_temple

Skill      XL: |  1  2  3  4  5  6  7  8  9 10 11 |
---------------+----------------------------------+-----
Fighting       | 1 2 3 4 6 7 |  7.8
Conjurations   | 2 3 5 6 |  6.8
Dodging        | 3 4 5 6 7 |  7.0
Spellcasting   | 3 4 5 7 |  7.4
Air Magic      | 4 5 6 8 |  8.4
Shields        | 2 3 |  3.6
Fire Magic     | 2 3 |  3.5
Stealth        | |  2.6

Action                     |  1- 3 |  4- 6 |  7- 9 | 10-12 || total
---------------------------+-------+-------+-------+-------++-------
  Melee: Tentacles         |     3 |     6 |     6 |    15 ||    30
         Unarmed           |     2 |       |       |       ||     2
         Constrict         |     1 |     7 |     5 |    13 ||    26
         Spear             |     6 |       |       |       ||     6
         Short sword       |       |    30 |    37 |    55 ||   122
         Punch             |       |     2 |     1 |     2 ||     5
   Cast: Shock             |    54 |    94 |   125 |   106 ||   379
         Airstrike         |       |       |    52 |    73 ||   125
         Flame Wave        |       |       |       |     4 ||     4
  Evoke: Wand              |       |     8 |     3 |     3 ||    14
    Use: Scroll            |       |     8 |     7 |     9 ||    24
         Potion            |       |       |       |     1 ||     1
   Stab: Sleeping          |       |     1 |     3 |       ||     4
 Armour: Skin              |     1 |       |     2 |     2 ||     5
  Dodge: Dodged            |    12 |    17 |    33 |    59 ||   121
  Block: Buckler           |       |       |       |    13 ||    13

Table legend: (Time is in decaauts)
 A = Elapsed time spent in this place.
 B = Non-inter-level travel time spent in this place.
 C = Inter-level travel time spent in this place.
 D = Time resting spent in this place.
 E = Time spent auto-exploring this place.
 F = Levels seen in this place.
 G = Mean time per level.
                   A        B        C        D        E       F      G
               +--------+--------+--------+--------+--------+-----+--------+
         Total |  14650 |  14013 |    637 |   6038 |   5179 |  11 | 1331.8 |
       Dungeon |  14392 |  13883 |    509 |   6038 |   5179 |  10 | 1439.2 |
        Temple |    258 |    130 |    128 |      0 |      0 |   1 |  258.0 |
               +--------+--------+--------+--------+--------+-----+--------+

Top non-repeatable levels by time:
     D:5: 1928 daAuts
     D:9: 1842 daAuts
    D:10: 1794 daAuts
     D:7: 1427 daAuts
     D:8: 1407 daAuts
     D:6: 1332 daAuts
     D:4: 1291 daAuts
     D:1: 1277 daAuts
     D:3: 1116 daAuts
     D:2: 975 daAuts
  Temple: 258 daAuts

Table legend:
 A = Kills in this place as a percentage of kills in the entire game.
 B = Kills by you in this place as a percentage of kills by you in the entire game.
 C = Kills by friends in this place as a percentage of kills by friends in the entire game.
 D = Other kills in this place as a percentage of other kills in the entire game.
 E = Experience gained in this place as a percentage of experience gained in the entire game.
 F = Experience gained in this place divided by the number of levels of this place that you have seen.
                   A       B       C       D       E      F
               +-------+-------+-------+-------+-------+----------------------
         Total | 100.0 | 100.0 | 100.0 |   N/A | 100.0 | 1150.7
       Dungeon | 100.0 | 100.0 | 100.0 |   N/A | 100.0 | 1265.8
               +-------+-------+-------+-------+-------+----------------------
